 Dungeon Crawl Stone Soup version 0.29-a0-876-gfc89b1a5bd (webtiles) character file.

Game seed: 13871270604924692939

23 jimonade the Shield-Bearer (level 3, -3/30 HPs)
             Began as a Formicid Fighter on July 19, 2022.
             Slain by a gnoll
             ... wielding a +0 halberd
              (8 damage)
             ... on level 1 of the Dungeon.
             The game lasted 00:01:16 (732 turns).

jimonade the Shield-Bearer (Formicid Fighter)        Turns: 732, Time: 00:01:16

Health: -3/30      AC:  6    Str: 20    XL:     3   Next: 10%
Magic:  3/3        EV:  9    Int:  9    God:
Gold:   9          SH:  5    Dex: 13    Spells: 2/2 levels left

rFire   . . .      SeeInvis +   a - +0 quarterstaff
rCold   . . .      Faith    .   c - +0 buckler
rNeg    . . .      Spirit   .   b - +0 scale mail
rPois   .          Reflect  .   (helmet unavailable)
rElec   .          Harm     .   (no cloak)
rCorr   .          Rampage  .   (no gloves)
Will    .....                   (no boots)
Stlth   ..........              (no amulet)
HPRegen 0.10/turn               (no ring)
MPRegen 0.08/turn               (no ring)

@: no status effects
A: permanent stasis, dig shafts and tunnels, antennae 3, four strong arms
a: Dig, Shaft Self


You were on level 1 of the Dungeon.
You visited 1 branch of the dungeon, and saw 2 of its levels.

You collected 9 gold pieces.

Inventory:

Hand Weapons
 a - a +0 quarterstaff (weapon)
Missiles
 f - 4 curare-tipped darts
 g - 2 boomerangs
Armour
 b - a +0 scale mail (worn)
 c - a +0 buckler (worn)
 j - a +0 leather armour
 m - a scarf of harm
Jewellery
 h - a ring of wizardry
Scrolls
 e - 3 scrolls of teleportation {unknown}
 k - a scroll of blinking {unknown}
 l - a scroll of fog {unknown}
Potions
 d - a potion of might
 i - a potion of invisibility {unknown}


   Skills:
 * Level 3.7 Fighting
 + Level 2.2 Staves
 + Level 3.4 Armour
 + Level 4.6 Shields


You had 2 spell levels left.
You didn't know any spells.
Your spell library was empty.

Dungeon Overview and Level Annotations

Branches:
Dungeon (2/15)

Altars:


Innate Abilities, Weirdness & Mutations

You cannot be hasted, slowed, berserked, paralysed or teleported.
You can dig through walls and to a lower floor.
You have a pair of large antennae on your head. (SInv)
Your four strong arms can wield two-handed weapons with a shield.


Message History

No target in view!
No target in view!
You see here a giant cockroach corpse.
e - 3 scrolls labelled MEITELIAMUU (gained 1) Done exploring.
Done exploring.
Done exploring.
Search for what [? for help]? .
You see here 7 stones.
You see here a scarf of harm.
m - a scarf of harm
There is a stone staircase leading down here.
You climb downwards.
The gnoll shouts! x3; You hear a shout!
There is a stone staircase leading up here.
The gnoll hits you with a +0 halberd!
There is a stone staircase leading up here.
You climb upwards.
There is a stone staircase leading down here.
You barely miss the gnoll. The gnoll barely misses you.
You hit the gnoll.
The gnoll is moderately wounded.
The gnoll closely misses you.
You hit the gnoll but do no damage.
The gnoll is moderately wounded.
The gnoll hits you with a +0 halberd!
You sock the gnoll!
The gnoll is almost dead.
The gnoll misses you. You block the gnoll's attack.
You barely miss the gnoll.
The gnoll is almost dead.
The gnoll hits you with a +0 halberd!
* * * LOW HITPOINT WARNING * * *
You are too injured to fight recklessly!
You are too injured to fight recklessly!
You are too injured to fight recklessly!
You barely miss the gnoll.
The gnoll is almost dead.
The gnoll hits you with a +0 halberd!
You die...

###.# ##.#.# .....####
####### .....##.# #.....#
.#.#.##.### ###.....###
..........# #.+..<..'.#
.#......#.# #.#.....#.#
...#.##..(########
#.#.....#.#
...............g@#
#.#######.#
..........####.#.#
#.#.......# .####.##..# #.#.#
#...######### .# #.##..#
#†#.# ###.........# .#
#.##..# #.#.# #..######.# ##
#.##..# #.#.# #..# #.#
#.....# ##.#.######..## #.#
#####.###.............#####.#
#..##...######..........#


You could see a gnoll.

Vanquished Creatures
  A dart slug (D:1)
  An endoplasm (D:1)
  2 giant cockroaches (D:1)
  4 goblins (D:1)
  3 hobgoblins (D:1)
  A kobold (D:1)
  A quokka (D:1)
  3 ball pythons (D:1)
  2 frilled lizards (D:1)
18 creatures vanquished.

Notes
Turn   | Place    | Note
-------+----------+-------------------------------------------
     0 | D:1      | jimonade the Formicid Fighter began the quest for the Orb.
     0 | D:1      | Reached XP level 1. HP: 18/18 MP: 1/1
    50 | D:1      | Found a faded altar of an unknown god.
    76 | D:1      | Reached XP level 2. HP: 17/24 MP: 2/2
   565 | D:1      | Reached XP level 3. HP: 30/30 MP: 3/3
   732 | D:1      | Slain by a gnoll

Illustrated notes

Levels and vault maps discovered:
D:1:      minmay_arrival_checkered_box, layout_basic, basic_ecumenical_altar
D:2:      kennysheep_the_goblin_king, layout_basic

Action                   || total
-------------------------++-------
Melee: Quarterstaff      ||    51
Armor: Scale mail        ||    16
Dodge: Dodged            ||    24
Block: Buckler           ||    10

Table legend: (Time is in decaauts)
 A = Elapsed time spent in this place.
 B = Non-inter-level travel time spent in this place.
 C = Inter-level travel time spent in this place.
 D = Time resting spent in this place.
 E = Time spent auto-exploring this place.
 F = Levels seen in this place.
 G = Mean time per level.
                   A        B        C        D        E       F      G
               +--------+--------+--------+--------+--------+-----+--------+
         Total |    744 |    689 |     55 |      0 |    520 |   2 |  372.0 |
       Dungeon |    744 |    689 |     55 |      0 |    520 |   2 |  372.0 |
               +--------+--------+--------+--------+--------+-----+--------+

Top non-repeatable levels by time:
     D:1: 738 daAuts
     D:2: 5 daAuts
